Map: Odyssey LE

Players

Zerel

  • Race: Terran Terran
  • League: Master
  • Spawn Location: 5:00

TrashPanda - Winner!

  • Race: Terran Terran
  • League: Master
  • Spawn Location: 11:00

VOD

Have the link to the VOD?

Description

Time

  • Played on: Oct. 24, 2017, 6:05 a.m.
  • Length: 11:38
Show
View Real Time Build Order
Export as new Build Order

Zerel Terran 

Build Orders: 1/1/1 

Get SALT Encoding   

  12  0:01  SCV  
  13  0:13  SCV  
  14  0:17  Supply Depot  
  14  0:25  SCV  
  15  0:39  SCV  
  15  0:41  Barracks  
  16  0:46  Refinery  
  16  0:51  SCV  
  16  0:55  Refinery  
  17  1:03  SCV  
  18  1:15  SCV  
  19  1:28  Marine  
  19  1:29  Orbital Command  
  20  1:35  Factory  
  20  1:50  Marine, Supply Depot  
  21  1:55  SCV  
  22  2:07  SCV  
  22  2:08  Barracks Reactor  
  23  2:19  SCV  
  23  2:20  Starport  
  23  2:22  Factory Tech Lab  
  24  2:31  SCV  
  24  2:36  Supply Depot  
  25  2:47  Marine x2  
  25  2:50  Factory Tech Lab  
  27  3:03  Raven  
  27  3:04  Marine  
  27  3:05  Marine  
  31  3:18  Supply Depot  
  31  3:20  Siege Tank  
  31  3:22  Marine x2  
  36  3:35  Command Center  
  36  3:53  Siege Tank  
  39  4:00  Viking  
  39  4:02  Viking  
  43  4:08  Marine  
  44  4:13  Supply Depot  
  44  4:30  Viking  
  46  4:34  Marine  
  46  4:35  Viking  
  50  4:38  SCV  
  50  4:49  Orbital Command  
  50  4:56  Marine  
  50  4:57  Siege Tank  
  54  5:00  SCV  
  55  5:11  Viking  
  55  5:13  Refinery  
  57  5:14  SCV  
  58  5:58  Marine  
  58  5:59  Siege Tank  
  58  6:00  Viking  
  51  6:24  Marine  
  51  6:25  Viking  
  52  6:31  Siege Tank  
  54  6:44  Orbital Command  
  44  6:50  SCV  
  38  7:03  Refinery  
  38  7:05  Factory  
  38  7:07  Marine  
  61  7:08  Viking x2  
  39  7:10  SCV x2  
  45  7:22  SCV x2  
  47  7:30  Marine, Siege Tank  
  47  7:34  SCV x2  
  53  7:46  SCV  
  53  7:47  SCV  
  53  7:50  Siege Tank  
  58  7:51  Command Center  
  58  7:54  Viking  
  60  7:59  SCV x2  
  60  8:00  Engineering Bay  
  60  8:01  Barracks Reactor  
  62  8:06  Siege Tank  
  62  8:10  Supply Depot x2  
  62  8:11  SCV x2  
  67  8:23  SCV x2  
  67  8:26  Supply Depot x2  
  69  8:31  Viking, Siege Tank  
  73  8:35  SCV  
  73  8:38  Marine x2  
  74  9:09  Marine x2, Siege Tank  
  79  9:10  Viking x2  
  79  9:12  SCV x2  
  85  9:18  Command Center  
  85  9:28  Factory  
  85  9:29  Armory  
  85  9:34  SCV  
  86  9:40  Supply Depot  
  86  9:41  Supply Depot  
  86  9:43  Supply Depot  
  86  10:02  Marine x2, Siege Tank, SCV, Viking  
  77  10:31  Marine x2  
  77  10:32  Factory Tech Lab  
  77  10:33  Viking x2  
  77  10:34  Siege Tank  
  80  10:54  Marine x2  
  80  10:55  Siege Tank  
  85  11:03  Viking  
Show
View Real Time Build Order
Export as new Build Order

TrashPanda Terran - Winner!

Build Orders: Reaper Expand, Bio Tank 

Get SALT Encoding   

  12  0:00  SCV  
  13  0:13  SCV  
  14  0:17  Supply Depot  
  14  0:25  SCV  
  15  0:28  Refinery  
  15  0:38  SCV  
  16  0:45  Barracks  
  16  0:50  SCV  
  17  1:02  SCV  
  18  1:15  SCV  
  19  1:32  Reaper, Orbital Command  
  20  1:47  Command Center  
  20  1:59  Factory  
  20  2:03  SCV  
  20  2:07  Barracks Reactor  
  21  2:16  Supply Depot  
  21  2:17  SCV  
  22  2:23  Refinery  
  22  2:29  SCV  
  23  2:41  SCV  
  23  2:43  Marine  
  23  2:44  Marine, Hellion  
  28  2:50  Starport  
  28  2:54  SCV  
  29  3:01  Engineering Bay  
  29  3:07  Marine x2, Factory Tech Lab  
  29  3:11  SCV  
  32  3:21  Orbital Command  
  32  3:23  SCV  
  32  3:25  Marine  
  34  3:34  Raven  
  34  3:36  Marine  
  34  3:38  SCV  
  38  3:43  Marine  
  38  3:46  SCV  
  39  3:48  Refinery  
  39  3:52  Factory Tech Lab  
  39  3:55  SCV  
  40  3:57  Terran Infantry Weapons Level 1  
  40  3:58  Marine, SCV  
  40  4:00  Marine  
  43  4:09  Supply Depot  
  43  4:12  SCV  
  43  4:13  SCV  
  43  4:14  Supply Depot  
  45  4:27  SCV  
  45  4:31  Stimpack, Siege Tank, SCV, Marine  
  50  4:34  Supply Depot  
  50  4:36  Refinery  
  51  4:39  SCV  
  51  4:41  Viking  
  51  4:43  SCV  
  55  4:47  Viking  
  55  4:51  SCV  
  58  4:58  Supply Depot  
  58  4:59  Marine  
  59  5:01  SCV  
  59  5:04  SCV  
  61  5:08  Barracks  
  61  5:13  SCV, Viking  
  64  5:16  SCV  
  64  5:17  Viking  
  67  5:24  Marine  
  67  5:25  Siege Tank  
  71  5:31  SCV x2  
  71  5:35  Barracks  
  73  5:43  Marine, SCV x2  
  73  5:44  Viking  
  78  6:00  Terran Infantry Armor Level 1, Supply Depot, Viking  
  78  6:01  Barracks Reactor  
  78  6:03  SCV, Siege Tank  
  78  6:05  Supply Depot  
  63  6:23  Marine  
  63  6:25  SCV x2  
  64  6:27  Barracks Reactor  
  64  6:28  Supply Depot  
  64  6:30  Supply Depot  
  64  6:31  Viking  
  64  6:32  Viking  
  53  6:50  SCV x2  
  53  6:52  Marine x2  
  53  6:54  Marine, Siege Tank  
  59  7:02  SCV  
  59  7:03  Marine  
  59  7:04  Marine, Combat Shields  
  59  7:06  Medivac x2  
  66  7:10  SCV  
  66  7:14  SCV  
  66  7:15  Marine x3  
  71  7:28  Marine x2  
  73  7:30  SCV x2  
  73  7:33  Marine, Command Center  
  76  7:38  Marine x2  
  76  7:41  Siege Tank  
  81  7:46  SCV  
  81  7:47  SCV  
  81  7:50  Supply Depot  
  83  7:53  Supply Depot  
  83  7:57  Marine x5  
  88  7:59  SCV  
  88  8:00  SCV  
  88  8:05  Engineering Bay  
  90  8:09  Armory  
  90  8:12  SCV x2  
  92  8:19  Marine x2  
  92  8:21  Marine  
  92  8:24  Marine, SCV x2  
  92  8:25  Marine  
  99  8:53  Marine x5  
  99  8:54  Viking x2, Siege Tank  
  96  9:03  SCV  
  96  9:04  SCV  
  96  9:05  Orbital Command  
  95  9:10  Terran Infantry Armor Level 2, Terran Infantry Weapons Level 2  
  95  9:16  SCV x2  
  97  9:17  Barracks  
  97  9:21  Marine x2, Barracks  
  97  9:22  Marine  
  97  9:23  Marine  
  101  9:24  Marine  
  101  9:28  SCV  
  103  9:33  SCV x2  
  105  9:38  Refinery  
  105  9:39  Refinery, Terran Ship Weapons Level 1  
  105  9:40  SCV  
  105  9:41  Marine  
  105  9:42  Marine x3  
  110  9:48  Marine  
  110  9:49  Medivac, Siege Tank  
  110  9:50  Medivac  
  118  9:53  SCV x2  
  118  9:54  SCV  
  118  9:57  Supply Depot x2  
  121  10:01  Supply Depot  
  120  10:07  Marine x4  
  120  10:08  Barracks Tech Lab  
  109  10:22  Marine  
  109  10:23  Viking, Siege Tank  
  109  10:24  Viking  
  109  10:25  Marine x2  
  101  10:37  Marine  
  101  10:39  Barracks Tech Lab  
  101  10:40  Concussive Shells  
  101  10:45  Marine  
  101  10:46  Marine x2, Marauder x2  
  104  10:53  Viking  
  104  10:54  Viking  
  104  10:55  Marine, Supply Depot, Command Center  
  106  11:00  Siege Tank  
  106  11:03  Marine  
  106  11:07  Marauder x2  
  108  11:13  Marine  
  108  11:14  Marine x3  
Tags
 
Composition
Bio Tank
Matchup
TvT
Race
Terran
Spawn Locations
Cross Positions
Add a new tag
Caveats
  • Supply blocks, unpowered buildings, or Contaminate may cause inaccurate times.
  • Supply counts are checked every 10 seconds.